MID
DELMARVA SHOREBIRDS @ HICKORY CRAWDADS
10/20/2046
 
TOP OF THE 1ST
West Virginia Black Bears batting - Pitching for Cincinnati (NYP) Reds : RHP Hideki Kobayashi
Pitching: RHP Hideki Kobayashi
Batting: LHB Joe Hoover 0-0: Called Strike
0-1: Swinging Strike
0-2: Hit by Pitch
Batting: LHB Gregg Kellerman 0-0: Called Strike
0-1: Ball
1-1: Foul Ball, location: 2F
1-2: Strikes out swinging
Batting: RHB Jose Almonte 0-0: Ball
Joe Hoover steals 2nd, throwing error, E2
Joe Hoover to third
1-0: Foul Ball, location: 2F
1-1: Ball
2-1: Foul Ball, location: 2F
2-2: Foul Ball, location: 2F
2-2: Ball
Wild Pitch!
Joe Hoover scores
3-2: Strikes out swinging
Batting: RHB Mike Velazquez 0-0: Ground out 4-3 (Groundball, 4, EV 110.0 MPH)
Top of the 1st over - 1 run, 0 hits, 1 error, 0 left on base; West Virginia 1 - Cincinnati (NYP) 0
BOTTOM OF THE 1ST
Cincinnati (NYP) Reds batting - Pitching for West Virginia Black Bears : RHP Ian Toney
Pitching: RHP Ian Toney
Batting: RHB Marcus Carter 0-0: Called Strike
0-1: Called Strike
0-2: Strikes out swinging
Batting: LHB Josiah Leath 0-0: Ball
1-0: Swinging Strike
1-1: Swinging Strike
1-2: Foul Ball, location: 2F
1-2: Foul Ball, location: 2F
1-2: Fly out, F5 (Flyball, 5D, EV 86.2 MPH)
Batting: SHB Bryan Johnston 0-0: Ball
1-0: Called Strike
1-1: Ball
2-1: TRIPLE (Flyball, 78XD, EV 107.5 MPH)
Batting: RHB Steve Anderson 0-0: Ball
1-0: Ball
2-0: Foul Ball, location: 2F
2-1: Swinging Strike
2-2: Strikes out swinging
Bottom of the 1st over - 0 runs, 1 hit, 0 errors, 1 left on base; West Virginia 1 - Cincinnati (NYP) 0
TOP OF THE 2ND
West Virginia Black Bears batting - Pitching for Cincinnati (NYP) Reds : RHP Hideki Kobayashi
Batting: LHB Brandon Sarni 0-0: Ball
1-0: Ball
2-0: Ball
3-0: Called Strike
3-1: Swinging Strike
3-2: SINGLE (Groundball, 56D, EV 96.2 MPH)
Batting: RHB Chris Pozzi 0-0: Called Strike
0-1: Called Strike
0-2: Ball
1-2: Fly out, F7 (Flyball, 7LS, EV 72.5 MPH)
Batting: RHB Freddy Quintero 0-0: Called Strike
0-1: Ball
1-1: Fly out, F3 (Line Drive, 3, EV 70.0 MPH)
Lined into DP, U3 (Line Drive, 3, EV 73.1 MPH)
Top of the 2nd over - 0 runs, 1 hit, 0 errors, 0 left on base; West Virginia 1 - Cincinnati (NYP) 0
BOTTOM OF THE 2ND
Cincinnati (NYP) Reds batting - Pitching for West Virginia Black Bears : RHP Ian Toney
Batting: RHB Jamie Ingram 0-0: Called Strike
0-1: Foul Ball, location: 2F
0-2: DOUBLE (Groundball, 3L, EV 100.6 MPH)
Batting: RHB Dave Ruiz 0-0: Ball
1-0: Foul Ball, location: 2F
1-1: Swinging Strike
1-2: Ball
2-2: Strikes out swinging
Batting: RHB Kagetoki Kawai 0-0: Called Strike
0-1: Ball
1-1: Foul Ball, location: 2F
1-2: Foul Ball, location: 2F
1-2: Strikes out swinging
Batting: RHB Jon Conklin 0-0: Ball
1-0: Called Strike
1-1: Ball
2-1: Foul Ball, location: 2F
2-2: Ground out 4-3 (Groundball, 4, EV 79.4 MPH)
Bottom of the 2nd over - 0 runs, 1 hit, 0 errors, 1 left on base; West Virginia 1 - Cincinnati (NYP) 0
TOP OF THE 3RD
West Virginia Black Bears batting - Pitching for Cincinnati (NYP) Reds : RHP Hideki Kobayashi
Batting: RHB Richard Barrios 0-0: Ball
1-0: Ball
2-0: Swinging Strike
2-1: Swinging Strike
2-2: SINGLE (Groundball, 5D, EV 102.5 MPH)
Batting: RHB Steve Dennis 0-0: Ball
1-0: Foul Ball, location: 2F
1-1: Ball
2-1: Ball
Richard Barrios steals 2nd base
3-1: Foul Ball, location: 2F
3-2: Foul Ball, location: 2F
3-2: Ground out 3-1 (Groundball, 34, EV 83.1 MPH)
Richard Barrios to third
Batting: LHB Joe Hoover 0-0: Ball
1-0: Ball
2-0: Called Strike
2-1: Ground out 4-3 (Groundball, 4S, EV 76.9 MPH)
Richard Barrios scores
Batting: LHB Gregg Kellerman 0-0: Ball
1-0: Fly out, F6 (Flyball, 6D, EV 87.5 MPH)
Top of the 3rd over - 1 run, 1 hit, 0 errors, 0 left on base; West Virginia 2 - Cincinnati (NYP) 0
BOTTOM OF THE 3RD
Cincinnati (NYP) Reds batting - Pitching for West Virginia Black Bears : RHP Ian Toney
Batting: RHB Chae-seong Lee 0-0: Swinging Strike
0-1: Ball
1-1: Ball
2-1: Swinging Strike
2-2: Foul Ball, location: 2F
2-2: Strikes out swinging
Batting: RHB Marcus Carter 0-0: Called Strike
0-1: Ball
1-1: Called Strike
1-2: SINGLE (Groundball, 34D, EV 105.0 MPH)
Batting: LHB Josiah Leath 0-0: Called Strike
0-1: Ball
1-1: Ball
2-1: Swinging Strike
2-2: Ball
3-2: Foul Ball, location: 2F
3-2: Foul Ball, location: 2F
3-2: Strikes out looking
Batting: SHB Bryan Johnston 0-0: Fly out, F9 (Line Drive, 89S, EV 96.2 MPH)
Bottom of the 3rd over - 0 runs, 1 hit, 0 errors, 1 left on base; West Virginia 2 - Cincinnati (NYP) 0
TOP OF THE 4TH
West Virginia Black Bears batting - Pitching for Cincinnati (NYP) Reds : RHP Hideki Kobayashi
Batting: RHB Jose Almonte 0-0: Called Strike
0-1: Ball
1-1: Reached via error on a dropped throw from 1B, E1 (Groundball, 34, EV 85.6 MPH)
Batting: RHB Mike Velazquez 0-0: Ball
1-0: Ball
2-0: Foul Ball, location: 2F
2-1: Fly out, F4 (Popup, 3DF, EV 75.6 MPH)
Batting: LHB Brandon Sarni 0-0: Swinging Strike
0-1: Ball
1-1: Foul Ball, location: 2F
1-2: Ball
2-2: Fielders Choice at 2nd, U6 (Groundball, 4M, EV 103.1 MPH)
Batting: RHB Chris Pozzi 0-0: Ball
1-0: Called Strike
1-1: Ball
2-1: Ball
3-1: Foul Ball, location: 2F
3-2: Strikes out swinging
Top of the 4th over - 0 runs, 0 hits, 1 error, 1 left on base; West Virginia 2 - Cincinnati (NYP) 0
BOTTOM OF THE 4TH
Cincinnati (NYP) Reds batting - Pitching for West Virginia Black Bears : RHP Ian Toney
Batting: RHB Steve Anderson 0-0: Called Strike
0-1: Ball
1-1: Swinging Strike
1-2: Ball
2-2: DOUBLE (Flyball, 89XD, EV 103.8 MPH)
Batting: RHB Jamie Ingram 0-0: Fly out, F8 (Flyball, 89XD, EV 104.4 MPH)
Runner from 2nd tags up, SAFE at 3rd, no throw by CF
Batting: RHB Dave Ruiz 0-0: Ball
1-0: Ground out 4-3 (Groundball, 4MS, EV 90.0 MPH)
Batting: RHB Kagetoki Kawai 0-0: Foul Ball, location: 2F
0-1: Called Strike
0-2: Ball
1-2: Strikes out swinging, 2-3 out at first.
Bottom of the 4th over - 0 runs, 1 hit, 0 errors, 1 left on base; West Virginia 2 - Cincinnati (NYP) 0
TOP OF THE 5TH
West Virginia Black Bears batting - Pitching for Cincinnati (NYP) Reds : RHP Hideki Kobayashi
Batting: RHB Freddy Quintero 0-0: Ball
1-0: Ball
2-0: Foul Ball, location: 2F
2-1: Ball
3-1: Swinging Strike
3-2: Foul Ball, location: 2F
3-2: Strikes out looking
Batting: RHB Richard Barrios 0-0: Ball
1-0: Ball
2-0: Called Strike
2-1: Called Strike
2-2: SINGLE (Groundball, 6MD, EV 107.5 MPH)
Batting: RHB Steve Dennis 0-0: Ball
1-0: Reached on error, E4 (Groundball, 4, EV 101.9 MPH)
Richard Barrios to second
Batting: LHB Joe Hoover 0-0: Foul Ball, location: 2F
0-1: Foul Ball, location: 2F
0-2: Foul Ball, location: 2F
0-2: Grounds into double play, 4-6-3 (Groundball, 4, EV 111.2 MPH)
Top of the 5th over - 0 runs, 1 hit, 1 error, 1 left on base; West Virginia 2 - Cincinnati (NYP) 0
BOTTOM OF THE 5TH
Cincinnati (NYP) Reds batting - Pitching for West Virginia Black Bears : RHP Ian Toney
Batting: RHB Jon Conklin 0-0: Ball
1-0: Ball
2-0: Called Strike
2-1: Ball
3-1: Base on Balls
Batting: RHB Chae-seong Lee 0-0: Foul Ball, location: 2F
0-1: Ball
Wild Pitch!
Jon Conklin to second
1-1: Foul Ball, location: 2F
1-2: Strikes out swinging
Batting: RHB Marcus Carter 0-0: Foul Ball, location: 2F
0-1: Called Strike
0-2: Ball
1-2: Ball
2-2: DOUBLE (Groundball, 5L, EV 104.4 MPH)
Jon Conklin scores
Batting: LHB Josiah Leath 0-0: Called Strike
0-1: Ball
1-1: Swinging Strike
1-2: Ball
2-2: SINGLE (Flyball, 78S, EV 86.9 MPH)
Marcus Carter to third
Batting: SHB Bryan Johnston 0-0: Ball
Josiah Leath is caught stealing 2nd base 2-6
1-0: Foul Ball, location: 2F
1-1: Swinging Strike
1-2: Fly out, F8 (Flyball, 78M, EV 95.6 MPH)
Bottom of the 5th over - 1 run, 2 hits, 0 errors, 1 left on base; West Virginia 2 - Cincinnati (NYP) 1
TOP OF THE 6TH
West Virginia Black Bears batting - Pitching for Cincinnati (NYP) Reds : RHP Hideki Kobayashi
Batting: LHB Gregg Kellerman 0-0: Ball
1-0: Ball
2-0: Fly out, F9 (Line Drive, 9, EV 88.1 MPH)
Batting: RHB Jose Almonte 0-0: Called Strike
0-1: Ball
1-1: Called Strike
1-2: Ball
2-2: Foul Ball, location: 2F
2-2: Foul Ball, location: 2F
2-2: SINGLE (Flyball, 9LS, EV 91.9 MPH)
Batting: RHB Mike Velazquez 0-0: Called Strike
0-1: Ball
1-1: Ball
2-1: Fly out, F4 (Popup, 34D, EV 48.8 MPH)
Batting: LHB Brandon Sarni 0-0: Called Strike
0-1: Ground out 5-3 (Groundball, 56S, EV 78.8 MPH)
Top of the 6th over - 0 runs, 1 hit, 0 errors, 1 left on base; West Virginia 2 - Cincinnati (NYP) 1
BOTTOM OF THE 6TH
Cincinnati (NYP) Reds batting - Pitching for West Virginia Black Bears : RHP Ian Toney
Batting: RHB Steve Anderson 0-0: Fly out, F8 (Flyball, 8LXD, EV 92.5 MPH)
Batting: RHB Jamie Ingram 0-0: Ball
1-0: Ball
2-0: SINGLE (Groundball, 6MD, EV 103.8 MPH)
Pitching: RHP Justin Smart
Batting: RHB Dave Ruiz 0-0: Ball
1-0: Called Strike
1-1: Ball
2-1: Ground out 6-3 (Groundball, 56, EV 95.6 MPH)
Jamie Ingram to second
Batting: RHB Kagetoki Kawai 0-0: Called Strike
0-1: Foul Ball, location: 2F
0-2: Ground out 5-3 (Groundball, 56S, EV 68.8 MPH)
Bottom of the 6th over - 0 runs, 1 hit, 0 errors, 1 left on base; West Virginia 2 - Cincinnati (NYP) 1
TOP OF THE 7TH
West Virginia Black Bears batting - Pitching for Cincinnati (NYP) Reds : RHP Hideki Kobayashi
Batting: RHB Chris Pozzi 0-0: Ball
1-0: Ball
2-0: Ball
3-0: Called Strike
3-1: Foul Ball, location: 2F
3-2: Ground out 1-3 (Groundball, 13S, EV 61.2 MPH)
Pitching: RHP Manuel Avitia
Batting: RHB Freddy Quintero 0-0: SINGLE (Groundball, 6MS, EV 65.0 MPH) (infield hit)
Batting: RHB Richard Barrios Balk!
Freddy Quintero to second
0-0: Intentional Walk
Batting: RHB Steve Dennis 0-0: Called Strike
0-1: Swinging Strike
0-2: Ball
1-2: Strikes out swinging
Batting: LHB Joe Hoover 0-0: Ball
1-0: Ball
2-0: Ball
3-0: Called Strike
3-1: Called Strike
3-2: Base on Balls
Freddy Quintero to third
Richard Barrios to second
Batting: LHB Gregg Kellerman 0-0: Foul Ball, location: 2F
0-1: Ball
1-1: SINGLE (Flyball, 89S, EV 90.0 MPH)
Freddy Quintero scores
Richard Barrios to third
Joe Hoover to second
Runner from 3rd tries for Home, SAFE, throw by RF to home
Batting: RHB Jose Almonte 0-0: Ball
1-0: Swinging Strike
1-1: Ball
2-1: Fielders Choice at 2nd, 6-4 (Groundball, 6, EV 86.9 MPH)
Top of the 7th over - 2 runs, 2 hits, 0 errors, 2 left on base; West Virginia 4 - Cincinnati (NYP) 1
BOTTOM OF THE 7TH
Cincinnati (NYP) Reds batting - Pitching for West Virginia Black Bears : RHP Justin Smart
Pitching: RHP Victor Medina
Batting: RHB Jon Conklin 0-0: Ground out 5-3 (Groundball, 56, EV 83.8 MPH)
Batting: RHB Chae-seong Lee 0-0: Ball
1-0: Called Strike
1-1: Ball
2-1: Swinging Strike
2-2: Foul Ball, location: 2F
2-2: Foul Ball, location: 2F
2-2: Ball
3-2: Foul Ball, location: 2F
3-2: SINGLE (Groundball, 6MD, EV 109.4 MPH)
Batting: RHB Marcus Carter 0-0: Swinging Strike
0-1: Called Strike
0-2: Strikes out swinging
Batting: LHB Josiah Leath 0-0: Foul Ball, location: 2F
0-1: Ball
1-1: Ball
2-1: Foul Ball, location: 2F
2-2: Strikes out swinging
Bottom of the 7th over - 0 runs, 1 hit, 0 errors, 1 left on base; West Virginia 4 - Cincinnati (NYP) 1
TOP OF THE 8TH
West Virginia Black Bears batting - Pitching for Cincinnati (NYP) Reds : RHP Manuel Avitia
Batting: RHB Mike Velazquez 0-0: Ground out 5-3 (Groundball, 5, EV 84.4 MPH)
Batting: LHB Brandon Sarni 0-0: Fly out, F4 (Line Drive, 4, EV 65.0 MPH)
Batting: RHB Chris Pozzi 0-0: Swinging Strike
0-1: Foul Ball, location: 2F
0-2: Ball
1-2: Strikes out looking
Top of the 8th over - 0 runs, 0 hits, 0 errors, 0 left on base; West Virginia 4 - Cincinnati (NYP) 1
BOTTOM OF THE 8TH
Cincinnati (NYP) Reds batting - Pitching for West Virginia Black Bears : RHP Victor Medina
Batting: SHB Bryan Johnston 0-0: Called Strike
0-1: Ball
1-1: Foul Ball, location: 2F
1-2: Ball
2-2: Ball
3-2: SINGLE (Groundball, 34D, EV 107.5 MPH)
Batting: RHB Steve Anderson 0-0: Ball
1-0: Called Strike
1-1: Called Strike
1-2: Strikes out looking
Batting: RHB Jamie Ingram 0-0: Foul Ball, location: 2F
0-1: Ball
1-1: Ball
2-1: Fly out, F9 (Flyball, 9, EV 85.0 MPH)
Batting: RHB Dave Ruiz 0-0: Ball
1-0: Called Strike
1-1: Foul Ball, location: 2F
1-2: SINGLE (Groundball, 56, EV 98.8 MPH)
Bryan Johnston to second
Batting: RHB Kagetoki Kawai 0-0: Ball
1-0: Ball
2-0: Ball
3-0: Called Strike
3-1: Foul Ball, location: 2F
3-2: 3-RUN HOME RUN (Line Drive, 78XD, EV 115.6 MPH), Distance : 456 ft
Pitching: RHP Mike West
Pinch Hitting: LHB Marty Hafner 0-0: Ball
1-0: Ground out 1-3 (Groundball, P, EV 66.2 MPH)
Bottom of the 8th over - 3 runs, 3 hits, 0 errors, 0 left on base; West Virginia 4 - Cincinnati (NYP) 4
TOP OF THE 9TH
West Virginia Black Bears batting - Pitching for Cincinnati (NYP) Reds : RHP Manuel Avitia
Pitching: RHP Giovonni Morgia
Now in RF: Miguel Macias
Batting: RHB Freddy Quintero 0-0: Ball
1-0: Foul Ball, location: 2F
1-1: Foul Ball, location: 2F
1-2: Ball
2-2: Strikes out swinging
Pinch Hitting: LHB Donald Imre 0-0: Ground out 5-3 (Groundball, 56, EV 104.4 MPH)
Pinch Hitting: RHB John Goynes 0-0: Ball
1-0: Ball
2-0: Ball
3-0: Called Strike
3-1: Base on Balls
Batting: LHB Joe Hoover Balk!
John Goynes to second
0-0: Ground out 4-3 (Groundball, 34, EV 101.2 MPH)
Top of the 9th over - 0 runs, 0 hits, 0 errors, 1 left on base; West Virginia 4 - Cincinnati (NYP) 4
BOTTOM OF THE 9TH
Cincinnati (NYP) Reds batting - Pitching for West Virginia Black Bears : RHP Mike West
Pitching: RHP Shinya Ito
Now at 2B: Donald Imre
Now at SS: Brandon Sarni
Now in RF: Roberto Guzman
Pinch Hitting: SHB Jeffrey Louter 0-0: SINGLE (Flyball, 8LS, EV 96.9 MPH)
Batting: RHB Marcus Carter 0-0: Ball
1-0: Ball
2-0: Bunt missed!
2-1: Bunt missed!
2-2: Strikes out swinging
Batting: LHB Josiah Leath 0-0: Ball
1-0: Ball
2-0: Ball
3-0: Called Strike
3-1: Base on Balls
Jeffrey Louter to second
Batting: SHB Bryan Johnston 0-0: Ball
1-0: Ball
2-0: Ball
3-0: Called Strike
3-1: Base on Balls
Jeffrey Louter to third
Josiah Leath to second
Batting: RHB Steve Anderson 0-0: Called Strike
0-1: Ball
1-1: Called Strike
1-2: Foul Ball, location: 2F
1-2: Strikes out swinging
Batting: RHB Jamie Ingram 0-0: Called Strike
0-1: Ball
1-1: Ball
2-1: Swinging Strike
2-2: Strikes out looking
Bottom of the 9th over - 0 runs, 1 hit, 0 errors, 3 left on base; West Virginia 4 - Cincinnati (NYP) 4
TOP OF THE 10TH
West Virginia Black Bears batting - Pitching for Cincinnati (NYP) Reds : RHP Giovonni Morgia
Now at 2B: Jeffrey Louter
Now at SS: Josiah Leath
Batting: LHB Gregg Kellerman 0-0: Ball
1-0: DOUBLE (Line Drive, 9LS, EV 112.5 MPH)
Batting: RHB Jose Almonte 0-0: Intentional Walk
Batting: RHB Mike Velazquez 0-0: Called Strike
0-1: Foul Ball, location: 2F
0-2: Grounds into double play, 6-4-3 (Groundball, 6, EV 86.2 MPH)
Gregg Kellerman to third
Batting: LHB Brandon Sarni 0-0: SINGLE (Groundball, 5S, EV 71.2 MPH) (infield hit)
Gregg Kellerman scores
Batting: RHB Chris Pozzi 0-0: Ball
1-0: Called Strike
Brandon Sarni steals 2nd base
1-1: Swinging Strike
1-2: Ball
2-2: Foul Ball, location: 2F
2-2: Ground out U3 (Groundball, 34, EV 98.8 MPH)
Top of the 10th over - 1 run, 2 hits, 0 errors, 1 left on base; West Virginia 5 - Cincinnati (NYP) 4
BOTTOM OF THE 10TH
Cincinnati (NYP) Reds batting - Pitching for West Virginia Black Bears : RHP Shinya Ito
Now at 3B: Chris Beckham
Batting: RHB Dave Ruiz 0-0: Ball
1-0: Called Strike
1-1: Called Strike
1-2: Strikes out swinging
Batting: RHB Kagetoki Kawai 0-0: Ball
1-0: Called Strike
1-1: Foul Ball, location: 2F
1-2: Ball
2-2: Strikes out swinging, 2-3 out at first.
Batting: SHB Miguel Macias 0-0: Called Strike
0-1: Called Strike
0-2: Ball
1-2: Foul Ball, location: 2F
1-2: Ball
2-2: Strikes out swinging
Bottom of the 10th over - 0 runs, 0 hits, 0 errors, 0 left on base; West Virginia 5 - Cincinnati (NYP) 4
Tuesday, September 13th , 2022 - OOTP Baseball 23.7 Build 88